 Dungeon Crawl Stone Soup version 0.22-a0-605-g9281fa2 (webtiles) character file.

86 Hebeh the Covered (level 4, 0/40 HPs)
             Began as a Minotaur Fighter on July 8, 2018.
             Killed from afar by an orc wizard (4 damage)
             ... with a puff of frost
             ... on level 3 of the Dungeon.
             The game lasted 00:04:37 (1842 turns).

Hebeh the Covered (Minotaur Fighter)                Turns: 1842, Time: 00:04:39

Health: 0/40       AC: 10    Str: 22    XL:     4   Next: 27%
Magic:  3/3        EV:  7    Int:  5    God:
Gold:   146        SH:  9    Dex:  9    Spells: 3/3 levels left

rFire    . . .     SeeInvis .   a - +0 war axe
rCold    . . .     Gourm    .   c - +0 shield
rNeg     . . .     Faith    .   b - +0 scale mail
rPois    .         Spirit   .   (helmet restricted)
rElec    .         Reflect  .   (no cloak)
rCorr    .         Harm     .   j - +2 pair of gloves
MR       .....                  (no boots)
Stlth    ..........             (no amulet)
HPRegen  0.13/turn              (no ring)
MPRegen  0.08/turn              (no ring)

@: no status effects
A: retaliatory headbutt, horns 2
a: no special abilities


You were on level 3 of the Dungeon.
You were not hungry.

You visited 1 branch of the dungeon, and saw 3 of its levels.

You collected 146 gold pieces.

Inventory:

Hand Weapons
 a - a +0 war axe (weapon)
Missiles
 n - 25 sling bullets
 p - 8 javelins (quivered)
Armour
 b - a +0 scale mail (worn)
 c - a +0 shield (worn)
 j - a +2 pair of gloves (worn)
Scrolls
 e - 2 scrolls of remove curse {unknown}
 k - 5 scrolls of identify {unknown}
 m - a scroll of enchant armour {unknown}
Potions
 d - a potion of might
 h - a potion of heal wounds {unknown}
 i - 2 potions of lignification {unknown}
 l - a potion of resistance {unknown}
 o - a potion of curing {unknown}
 q - a potion of berserk rage {unknown}
 r - a potion of flight {unknown}
Comestibles
 f - 7 rations
 g - 3 chunks of flesh


   Skills:
 + Level 4.2 Fighting
 * Level 3.9 Axes
 + Level 0.1 Throwing
 + Level 4.3 Armour
 + Level 4.2 Shields


You had 3 spell levels left.
You didn't know any spells.
Your spell library contained the following spells:

 Spells                   Type           Power        Failure   Level  Hunger
 Apportation              Tloc           #.....       99%         1    ##.....
 Summon Small Mammal      Summ           #...         99%         1    ##.....
 Animate Skeleton         Necr           N/A          99%         1    ##.....
 Confusing Touch          Hex            #.....       99%         1    ##.....


Dungeon Overview and Level Annotations

Branches:
Dungeon (3/15)

Altars:


Innate Abilities, Weirdness & Mutations

You reflexively headbutt those who attack you in melee.
You have a pair of horns on your head.


Message History

You are too injured to fight recklessly!
You are too injured to fight recklessly!
You are too injured to fight recklessly!
You slash the orc!
You kill the orc!
You closely miss the orc wizard.
You hit the orc priest but do no damage.
The orc priest mumbles some strange prayers to Beogh against you.
Beogh smites you!
* * * LOW HITPOINT WARNING * * *
The orc wizard mumbles some strange words.
The orc wizard seems to speed up.
You block the orc priest's attack.
You slash the orc priest!
The orc priest is severely wounded.
You closely miss the orc wizard. You block the orc wizard's attack.
The orc priest hits you with a hand axe.
* * * LOW HITPOINT WARNING * * *
The orc wizard points at you and mumbles some strange words.
The puff of frost hits you!
You die...

##. #. ... #. ....
#. .....#. ...
...?.#.## (..
.....K# ..
#####.oo# .#
......o@#+#.#
#######.....#
#.....#
#.....######
#...........
########....####...
#.....##....#
#.....##<#'#####.
#.....####.#.....


You could see 2 orc priests, an orc wizard and a kobold.

Vanquished Creatures
  2 adders (D:2)
  3 dart slugs
  A leopard gecko (D:2)
  5 orcs (D:3)
  6 bats
  7 giant cockroaches
  4 goblins
  6 hobgoblins
  3 jackals (D:2)
  8 kobolds
  4 frilled lizards
  A leopard gecko skeleton (D:2)
  4 rats
54 creatures vanquished.

Notes
Turn   | Place    | Note
-------+----------+-------------------------------------------
     0 | D:1      | Hebeh the Minotaur Fighter began the quest for the Orb.
     0 | D:1      | Reached XP level 1. HP: 19/19 MP: 0/0
   112 | D:1      | Reached XP level 2. HP: 27/27 MP: 1/1
   842 | D:2      | Reached XP level 3. HP: 33/33 MP: 2/2
  1349 | D:2      | Reached XP level 4. HP: 38/40 MP: 3/3
  1842 | D:3      | Killed from afar by an orc wizard

Vault maps used:
D:1:      shiori_shiawase, serial_bayou_crossing
D:3:      cheibrodos_thug_alley, uniq_ijyb

Skill      XL: |  1  2  3 |
---------------+----------+-----
Axes           | 3 |  3.9
Fighting       | 4 |  4.2
Armour         | 4 |  4.3
Shields        | 4 |  4.2
Throwing       | |  0.1

Action                   |  1- 3 |  4- 6 || total
-------------------------+-------+-------++-------
Melee: War axe           |   106 |    23 ||   129
       Headbutt          |    20 |     3 ||    23
  Eat: Chunk             |     2 |     1 ||     3
Armor: Scale mail        |    47 |     8 ||    55
Dodge: Dodged            |    33 |     3 ||    36
Block: Shield            |    68 |    14 ||    82

Table legend:
 A = Spawn XP
 B = Non-spawn XP
 C = Spawn XP percentage of total XP
 D = Spawn monster count
 E = Non-spawn monster count
 F = Spawn count percentage of total count
 G = Total turns spent on level
                    A         B        C        D         E        F      G
               +---------+---------+-------+---------+---------+-------+---------
         Total |       0 |     124 |   0.0 |       0 |      54 |   0.0 |  1842
               +---------+---------+-------+---------+---------+-------+---------
           D:1 |       0 |      39 |   0.0 |       0 |      22 |   0.0 |   838
           D:2 |       0 |      66 |   0.0 |       0 |      24 |   0.0 |   832
           D:3 |       0 |      19 |   0.0 |       0 |       8 |   0.0 |   172
               +---------+---------+-------+---------+---------+-------+---------
